 Dungeon Crawl Stone Soup version 0.28-a0-1339-ga5422284a4 (webtiles) character file.

Game seed: 2151076668811321497

140 SensoryNuts the Skirmisher (level 5, 0/41 HPs)
             Began as a Demonspawn Fighter on Dec 28, 2021.
             Slain by a gnoll (3 damage)
             ... on level 3 of the Dungeon.
             The game lasted 00:02:42 (2722 turns).

SensoryNuts the Skirmisher (Demonspawn Fighter)     Turns: 2722, Time: 00:02:43

Health: 0/41       AC:  6    Str: 19    XL:     5   Next: 2%
Magic:  5/5        EV:  9    Int:  9    God:
Gold:   66         SH:  4    Dex: 12    Spells: 4/4 levels left

rFire   . . .      SeeInvis .   a - +0 long sword
rCold   . . .      Faith    .   c - +0 buckler
rNeg    . . .      Spirit   .   b - +0 scale mail
rPois   +          Reflect  .   (helmet restricted)
rElec   .          Harm     .   (no cloak)
rCorr   .          Rampage  .   (no gloves)
Will    +....                   (no boots)
Stlth   ..........              (no amulet)
HPRegen 0.13/turn               g - ring of willpower
MPRegen 0.09/turn               j - ring of poison resistance

@: on berserk cooldown, slowed, very slow
A: antennae 1, ignite blood 1
a: no special abilities


You were on level 3 of the Dungeon.
You visited 1 branch of the dungeon, and saw 3 of its levels.

You collected 66 gold pieces.

Inventory:

Hand Weapons
 a - a +0 long sword (weapon)
Armour
 b - a +0 scale mail (worn)
 c - a +0 buckler (worn)
Jewellery
 g - a ring of willpower (left hand)
 j - a ring of poison resistance (right hand)
 p - a ring of resist corrosion
Wands
 q - a wand of polymorph (7)
Scrolls
 e - 2 scrolls of fog
 h - a scroll of amnesia {unknown}
 i - a scroll of summoning
 k - a scroll of teleportation {unknown}
 m - a scroll of identify
 n - a scroll of blinking {unknown}
Potions
 d - a potion of might
 f - a potion of berserk rage
 l - a potion of haste
 o - 3 potions of curing {unknown}


   Skills:
 + Level 3.6 Fighting
 + Level 3.0 Long Blades
 + Level 3.6 Armour
 + Level 0.3 Dodging
 + Level 0.1 Stealth
 + Level 3.2 Shields


You had 4 spell levels left.
You didn't know any spells.
Your spell library contained the following spells:

 Spells                   Type           Power      Damage    Failure   Level
 Passwall                 Tmut/Erth      0%         N/A       89%         2
 Conjure Flame            Conj/Fire      0%         6-21      98%         3
 Ignite Poison            Fire/Tmut/Pois 0%         N/A       98%         3
 Swiftness                Air            0%         N/A       98%         3
 Sticky Flame             Conj/Fire      0%         2d3       100%        4


Dungeon Overview and Level Annotations

Branches:
Dungeon (3/15)

Altars:


Innate Abilities, Weirdness & Mutations

You have a pair of small antennae on your head.
Your demonic aura sometimes causes spilled blood to erupt in flames.


Message History

Unknown command.
You feel a strong urge to attack something.
The gnoll barely misses you. The gnoll closely misses you.
You slice the gnoll!!
You kill the gnoll!
You block the gnoll's attack.
Your Long Blades skill increases to level 3!
You closely miss the gnoll.
The gnoll is almost dead.
You block the gnoll's attack. The gnoll hits you with a +0 whip.
* * * LOW HITPOINT WARNING * * *
You barely miss the gnoll.
The gnoll is almost dead.
The gnoll hits you from afar with a +0 spear.
* * * LOW HITPOINT WARNING * * *
The gnoll hits you but does no damage.
You completely miss the gnoll.
The gnoll is almost dead.
The gnoll hits you from afar with a +0 spear.
* * * LOW HITPOINT WARNING * * *
The gnoll barely misses you.
You hit the gnoll.
You kill the gnoll!
The gnoll hits you from afar with a +0 spear.
* * * LOW HITPOINT WARNING * * *
You have reached level 5!
Your demonic ancestry asserts itself...
A pair of antennae grows on your head!
You are no longer berserk.
You are exhausted.
You feel yourself slow down.
Items here: )) ††.
The gnoll barely misses you. x2
You barely miss the gnoll. The gnoll hits you with a +0 spear.
* * * LOW HITPOINT WARNING * * *
You block the gnoll's attack.
You slash the gnoll!
The gnoll is severely wounded.
The gnoll hits you with a +0 spear.
You die...

##### # #####...# ##
#...)@..#
.###########.###g..#
.........<...# ##.##
.############# .# ##
.# # .# .# .#


You could see a gnoll.

Vanquished Creatures
  Ijyb (D:3)
  2 gnolls (D:3)
  5 adders (D:2)
  A worm (D:2)
  A dart slug (D:1)
  An orc (D:3)
  3 bats
  6 endoplasms
  2 giant cockroaches
  6 hobgoblins
  2 jackals (D:3)
  3 kobolds
  A quokka (D:2)
  5 ball pythons
  2 frilled lizards (D:2)
  4 rats
45 creatures vanquished.

Vanquished Creatures (others)
  6 plants (D:2)
6 creatures vanquished.

Grand Total: 51 creatures vanquished

Notes
Turn   | Place    | Note
-------+----------+-------------------------------------------
     0 | D:1      | SensoryNuts the Demonspawn Fighter began the quest for the
                  | Orb.
     0 | D:1      | Reached XP level 1. HP: 18/18 MP: 1/1
    36 | D:1      | Found a faded altar of an unknown god.
   318 | D:1      | Gained mutation: Your demonic aura sometimes causes spilled
                  | blood to erupt in flames. [demonic ancestry]
   318 | D:1      | Reached XP level 2. HP: 18/24 MP: 2/2
   756 | D:2      | Reached XP level 3. HP: 27/29 MP: 3/3
  1191 | D:2      | Reached XP level 4. HP: 22/35 MP: 4/4
  2339 | D:3      | Noticed Ijyb
  2343 | D:3      | Killed Ijyb
  2719 | D:3      | Gained mutation: You have a pair of small antennae on your
                  | head. [demonic ancestry]
  2719 | D:3      | Reached XP level 5. HP: 8/41 MP: 5/5
  2722 | D:3      | Slain by a gnoll

Illustrated notes

Levels and vault maps discovered:
D:1:      shiori_arrival_elements, layout_rooms,
          hellmonk_ecumenical_altar_crossroads
D:2:      layout_basic, serial_forest, infiniplex_forest_fountain,
          infiniplex_forest_clump_tiny, infiniplex_forest_corner_1,
          infiniplex_forest_lined_4_way, infiniplex_forest_clump_double,
          hex_tiny
D:3:      layout_loops_cross, uniq_ijyb

Skill      XL: |  1  2  3  4 |
---------------+-------------+-----
Long Blades    | 2 3 |  3.0
Armour         | 3 |  3.6
Shields        | 3 |  3.2
Fighting       | |  3.6
Dodging        | |  0.3
Stealth        | |  0.1

Action                   |  1- 3 |  4- 6 || total
-------------------------+-------+-------++-------
Melee: Long sword        |   113 |    83 ||   196
  Use: Scroll            |     2 |       ||     2
       Potion            |     1 |     1 ||     2
Armor: Scale mail        |    58 |    32 ||    90
Dodge: Dodged            |    73 |    48 ||   121
Block: Buckler           |    36 |    29 ||    65

Table legend: (Time is in decaauts)
 A = Elapsed time spent in this place.
 B = Non-inter-level travel time spent in this place.
 C = Inter-level travel time spent in this place.
 D = Time resting spent in this place.
 E = Time spent auto-exploring this place.
 F = Levels seen in this place.
 G = Mean time per level.
                   A        B        C        D        E       F      G
               +--------+--------+--------+--------+--------+-----+--------+
         Total |   2776 |   2745 |     31 |      0 |   2325 |   3 |  925.3 |
       Dungeon |   2776 |   2745 |     31 |      0 |   2325 |   3 |  925.3 |
               +--------+--------+--------+--------+--------+-----+--------+

Top non-repeatable levels by time:
     D:2: 1639 daAuts
     D:1: 650 daAuts
     D:3: 486 daAuts
